 Dungeon Crawl Stone Soup version 0.19.5 (webtiles) character file.

76 Aquagraph the Skirmisher (level 4, 0/41 HPs)
             Began as a Hill Orc Berserker on Apr 25, 2017.
             Was a Believer of Trog.
             Succumbed to an adder's poison
             ... on level 2 of the Dungeon.
             The game lasted 00:16:21 (1709 turns).

Aquagraph the Skirmisher (Hill Orc Berserker)       Turns: 1709, Time: 00:16:21

Health: 0/41       AC:  2    Str: 19 (20) XL:     4   Next: 32%
Magic:  4/4        EV: 12    Int:  6 (7)  God:    Trog [**....]
Gold:   78         SH:  0    Dex:  8 (10) Spells: 0 memorised, 3 levels left

rFire  . . .     SeeInvis .     a - +1 mace
rCold  . . .     Gourm    .     b - +0 animal skin
rNeg   . . .     Faith    .     (no shield)
rPois  +         Spirit   .     (no helmet)
rElec  +         Reflect  .     (no cloak)
rCorr  .         Harm     .     (no gloves)
MR     .....                    (no boots)
Stlth  +.........               (no amulet)
                                (no ring)
                                e - ring of poison resistance

@: lethally poisoned (0 -> -2), very slightly contaminated, hasted, very quick
A: hooves 1, blink, electricity resistance
a: Blink, Berserk, Trog's Hand, Burn Spellbooks, Renounce Religion


You were on level 2 of the Dungeon.
You worshipped Trog.
Trog was pleased with you.
You were hungry.

You visited 1 branch of the dungeon, and saw 2 of its levels.

You collected 78 gold pieces.

Inventory:

Hand Weapons
 a - a +1 mace (weapon)
 j - a +0 short sword
Missiles
 i - 2 javelins (quivered)
 k - 13 poisoned needles
Armour
 b - a +0 animal skin (worn)
Jewellery
 e - a ring of poison resistance (left hand)
Scrolls
 d - 2 scrolls of identify
 f - a scroll of random uselessness
 g - a scroll of recharging
 l - a scroll of remove curse {unknown}
Potions
 m - a potion of lignification
Comestibles
 c - 3 bread rations


   Skills:
 + Level 4.4 Fighting
 + Level 4.3 Maces & Flails
 + Level 0.5 Throwing
 + Level 2.2 Armour
 + Level 2.1 Dodging


You had 3 spell levels left.
You didn't know any spells.

Dungeon Overview and Level Annotations

Branches:
Dungeon (2/15)

Altars:


Innate Abilities, Weirdness & Mutations

You have large cloven feet.
You can translocate small distances at will.
You are resistant to electric shocks. (rElec)


Message History

* * * LOW HITPOINT WARNING * * *
You feel sick.
You thump the adder!
You kill the adder!
Trog accepts your kill.
You feel your strength returning.
* * * LOW HITPOINT WARNING * * *
You feel sick. The bat hits you.
* * * LOW HITPOINT WARNING * * *
You sock the bat!
You kill the bat!
Trog accepts your kill.
You see here an adder corpse.
You butcher the adder corpse.
You see here 2 chunks of flesh.
Eat one of 2 chunks of flesh? (ye/n/q)
Okay, then.
Eat one of 2 chunks of flesh? (ye/n/q)
You start eating one of the 2 chunks of flesh.
You die...

.###.##.##,,#*****,***,*
#.#..#...##.# #.# *,*
#..#......#.###**#.# *,*
...............,,..# *,#
..........#.#****#.# *.#
#.##..†.....# #.###.###
.#.......<..### #.#.....#
#.##..........####.#.#**,###**
#.###.#.........@....# *...,,*
#.# #)........######.###.#**,*
#.# #.#.#..>### #.....# *,*
#.###.#[#...# ###.### *,*
#.......##### #.# *,*
#####.### #.# *,* ####.#
###########.# *,* ##....#
#...........# *,* ......#
#.########### *,*


There were no monsters in sight!

Vanquished Creatures
  2 adders (D:2)
  2 worms (D:2)
  3 dart slugs
  A leopard gecko (D:1)
  A ball python (D:1)
  2 giant cockroaches
  6 goblins
  6 hobgoblins
  8 kobolds
  A quokka (D:2)
  4 bats
  2 frilled lizards
  5 rats
43 creatures vanquished.

Notes
Turn   | Place    | Note
-------+----------+-------------------------------------------
     0 | D:1      | Aquagraph the Hill Orc Berserker began the quest for the Orb.
     0 | D:1      | Reached XP level 1. HP: 19/19 MP: 1/1
   320 | D:1      | Reached XP level 2. HP: 3/27 MP: 2/2
   877 | D:1      | Reached XP level 3. HP: 22/33 MP: 3/3
  1300 | D:2      | Reached ** piety under Trog
  1577 | D:2      | Reached XP level 4. HP: 19/41 MP: 4/4
  1698 | D:2      | Gained mutation: You can translocate small distances at will. [potion of mutation]
  1698 | D:2      | Gained mutation: You are resistant to electric shocks. (rElec) [potion of mutation]
  1698 | D:2      | Gained mutation: You have large cloven feet. [potion of mutation]
  1701 | D:2      | HP: 2/41 [poisoned by an adder]
  1709 | D:2      | Succumbed to an adder's poison

Skill      XL: |  1  2  3 |
---------------+----------+-----
Fighting       | 4 |  4.4
Maces & Flails | 4 |  4.3
Dodging        | 2 |  2.1
Throwing       | |  0.5
Armour         | |  2.2

Action                   |  1- 3 |  4- 6 || total
-------------------------+-------+-------++-------
Melee: Mace              |    95 |    21 ||   116
Throw: Javelin           |     7 |       ||     7
  Use: Potion            |     4 |     4 ||     8
       Scroll            |     5 |     1 ||     6
  Eat: Chunk             |     2 |       ||     2
Armor: Animal skin       |    20 |     2 ||    22
       Skin              |     4 |     1 ||     5
Dodge: Dodged            |    51 |     6 ||    57
